 Dungeon Crawl Stone Soup version 0.27-a0-1202-ge72e49191c (webtiles) character file.

Game seed: 8424892306992113884

46 Delamore the Skirmisher (level 3, -1/30 HPs)
             Began as a Formicid Fighter on June 2, 2021.
             Was a Believer of Cheibriados.
             Succumbed to Robin's poison
             ... on level 3 of the Dungeon.
             The game lasted 00:02:24 (1616 turns).

Delamore the Skirmisher (Formicid Fighter)          Turns: 1616, Time: 00:02:24

Health: -1/30      AC: 10    Str: 25    XL:     3   Next: 92%
Magic:  3/3        EV:  8    Int: 11    God:    Cheibriados [**....]
Gold:   61         SH: 10    Dex: 14    Spells: 2/2 levels left

rFire    . . .     SeeInvis +   a - +1 trident
rCold    . . .     Faith    .   c - +0 kite shield
rNeg     . . .     Spirit   .   b - +0 scale mail
rPois    .         Reflect  .   (helmet unavailable)
rElec    .         Harm     .   (no cloak)
rCorr    .         Rampage  .   (no gloves)
Will     .....                  (no boots)
Stlth    ..........             (no amulet)
HPRegen  0.10/turn              i - +4 ring of protection
MPRegen  0.08/turn              (no ring)

@: lethally poisoned (-1 -> -12), very slow
A: permanent stasis, dig shafts and tunnels, antennae 3, four strong arms
a: Dig, Shaft Self, Renounce Religion, Bend Time


You were on level 3 of the Dungeon.
You worshipped Cheibriados.
Cheibriados was pleased with you.
You visited 1 branch of the dungeon, and saw 3 of its levels.

You collected 61 gold pieces.

Inventory:

Hand Weapons
 a - a +1 trident (weapon)
Armour
 b - a +0 scale mail (worn)
 c - a +0 kite shield (worn)
Jewellery
 g - a ring of see invisible
 i - a +4 ring of protection (left hand)
Potions
 d - a potion of might
 e - a potion of magic
 h - 2 potions of flight


   Skills:
 + Level 3.9 Fighting
 * Level 3.4 Polearms
 - Level 3.2 Armour
 - Level 3.6 Shields


You had 2 spell levels left.
You didn't know any spells.
Your spell library was empty.

Dungeon Overview and Level Annotations

Branches:
Dungeon (3/15)

Altars:
Cheibriados

Annotations:
D:2 Robin


Innate Abilities, Weirdness & Mutations

You cannot be hasted, slowed, berserked, paralysed or teleported.
You can dig through walls and to a lower floor.
You have a pair of large antennae on your head. (SInv)
Your four strong arms can wield two-handed weapons with a shield.


Message History

You feel very sick. Robin hits you but does no damage.
You are lethally poisoned!
You are too injured to fight recklessly!
You are too injured to fight recklessly!
You are too injured to fight recklessly!
You are too injured to fight recklessly!
You are too injured to fight recklessly!
You are too injured to fight recklessly!
You are too injured to fight recklessly!
You are too injured to fight recklessly!
You are too injured to fight recklessly!
You are too injured to fight recklessly!
You are too injured to fight recklessly!
You are too injured to fight recklessly!
You are too injured to fight recklessly!
You feel very sick. Robin hits you but does no damage.
You are more poisoned.
You climb downwards.
* * * LOW HITPOINT WARNING * * *
You feel very sick.
There is a stone staircase leading up here.
Okay, then.
As you read the scroll labelled CYSAYPH UDAUSS, it crumbles to dust.
It is a scroll of enchant weapon.
Your +0 trident glows red for a moment.
* * * LOW HITPOINT WARNING * * *
You feel sick.
As you read the scroll labelled OJYRUMP YSOTS, it crumbles to dust.
Your stasis prevents you from teleporting.
It was a scroll of blinking.
* * * LOW HITPOINT WARNING * * *
You feel very sick.
As you read the scroll labelled UPNOUF MEATS, it crumbles to dust.
You feel a surge of unholy energy.
It was a scroll of torment.
* * * LOW HITPOINT WARNING * * *
You feel sick.
Your magic is already full.
You die...

####
##...## ###
#.....###..
#........
#......#
#......#
#$..)@.#
#....<##
{{#....##
#...## #..#
##. ##


There were no monsters in sight!

Vanquished Creatures
  A worm (D:2)
  A dart slug (D:1)
  An endoplasm (D:1)
  9 goblins
  5 hobgoblins
  7 jackals
  2 quokkas
  2 ball pythons (D:2)
  A bat (D:1)
  A frilled lizard (D:1)
  4 kobolds
  A rat (D:1)
35 creatures vanquished.

Notes
Turn   | Place    | Note
-------+----------+-------------------------------------------
     0 | D:1      | Delamore the Formicid Fighter began the quest for the Orb.
     0 | D:1      | Reached XP level 1. HP: 18/18 MP: 1/1
   167 | D:1      | Found a faded altar of an unknown god.
   178 | D:1      | Became a worshipper of Cheibriados the Contemplative
   178 | D:1      | Reached * piety under Cheibriados
   209 | D:1      | Reached XP level 2. HP: 24/24 MP: 2/2
  1176 | D:2      | Reached XP level 3. HP: 23/30 MP: 3/3
  1367 | D:2      | Reached ** piety under Cheibriados
  1379 | D:2      | Noticed Robin
  1615 | D:3      | HP: 1/30 [poisoned by Robin]
  1616 | D:3      | Succumbed to Robin's poison

Illustrated notes

Levels and vault maps discovered:
D:1:      mushboom_english_gardens, layout_loops_corners,
          hellmonk_ecumenical_altar_dog_temple
D:2:      layout_basic, minmay_goblin_kobold_house, uniq_jessica, uniq_robin
D:3:      cheibrodos_thug_alley, layout_loops_cross, kennysheep_generic_room_13

Skill      XL: |  1  2 |
---------------+-------+-----
Polearms       | 3 |  3.4
Fighting       | |  3.9
Armour         | |  3.2
Shields        | |  3.6

Action                   || total
-------------------------++-------
Melee: Trident           ||   112
 Abil: Dig               ||     1
  Use: Scroll            ||     6
Armor: Scale mail        ||    57
Dodge: Dodged            ||    31
Block: Kite shield       ||    66

Table legend: (Time is in decaauts)
 A = Elapsed time spent in this place.
 B = Non-inter-level travel time spent in this place.
 C = Inter-level travel time spent in this place.
 D = Time resting spent in this place.
 E = Time spent auto-exploring this place.
 F = Levels seen in this place.
 G = Mean time per level.
                   A        B        C        D        E       F      G
               +--------+--------+--------+--------+--------+-----+--------+
         Total |   2019 |   1990 |     29 |    309 |   1389 |   3 |  673.0 |
       Dungeon |   2019 |   1990 |     29 |    309 |   1389 |   3 |  673.0 |
               +--------+--------+--------+--------+--------+-----+--------+

Top non-repeatable levels by time:
     D:1: 1365 daAuts
     D:2: 454 daAuts
     D:3: 200 daAuts
